 Dungeon Crawl Stone Soup version 0.21-a0-380-gd65dc97 (console) character file.

594177 yesno the Metallomancer (level 26, -13/186 HPs)
             Began as a Vampire Earth Elementalist on Oct 9, 2017.
             Was a High Priest of Sif Muna.
             Mangled by a golden dragon (16 damage)
             ... on level 1 of the Realm of Zot on Oct 18, 2017.
             The game lasted 11:04:38 (82043 turns).

yesno the Metallomancer (VpEE)                     Turns: 82043, Time: 11:04:38

Health: -13/186    AC: 27    Str: 16    XL:     26   Next: 30%
Magic:  23/41      EV: 30    Int: 33    God:    Sif Muna [*****.]
Gold:   3309       SH: 18    Dex: 27    Spells: 3/54 levels left

rFire    + + .     SeeInvis +   e - staff of earth
rCold    + . .     Gourm    .   G - +5 shield {AC+3}
rNeg     + + +     Faith    +   U - +5 ring mail of Unreason {rC+ rN+}
rPois    +         Spirit   .   A - +2 helmet {Int+3}
rElec    .         Reflect  .   J - +2 cloak {rF+}
rCorr    .         Harm     .   l - +2 pair of gloves {Str+3}
MR       +++..                  s - +2 pair of boots {Fly}
Stlth    +++++++++.             D - amulet "Vontuu" {Faith rC- Str+4 Int+4}
HPRegen  0.20/turn              m - ring of Shadows {Umbra +Inv Stlth+}
MPRegen  0.27/turn              r - ring "Icusalemoch" {rPois rF+ MR+ Str+2 Dex+7}

@: flying, very slightly contaminated, regenerating slowly, wreathed by umbra,
studying Dodging, divine energy
A: fangs 3, see invisible, agile 1, mutation resistance 1, unbreathing ¿: 3/15
runes: serpentine, barnacled, silver
a: Bat Form, Stop Divine Energy, Channel Magic, Forget Spell, Renounce Religion,
Evoke Invisibility, Stop Flying


You were on level 1 of the Realm of Zot.
You worshipped Sif Muna.
Sif Muna was extremely pleased with you.
You were very thirsty.

You visited 11 branches of the dungeon, and saw 48 of its levels.
You visited 1 bazaar.
You also visited: Sewer, Bailey, Ice Cave and Volcano.

You collected 7709 gold pieces.
You spent 4400 gold pieces at shops.

Inventory:

Hand Weapons
 a - the +8 demon blade of Nyefotsumn {vamp, rF+ Str+4 Dex-4 SInv}
   (You took it off a crimson imp on level 3 of the Depths)

   It inflicts no extra harm, but heals its wielder when it wounds a living foe.
   It affects your strength (+4).
   It affects your dexterity (-4).
   It protects you from fire.
   It lets you see invisible.
 b - the +1 dagger "Pendulum" {vamp, rF+ Int-4 SInv}
   (You found it on level 6 of the Lair of Beasts)

   It inflicts no extra harm, but heals its wielder when it wounds a living foe.
   It affects your intelligence (-4).
   It protects you from fire.
   It lets you see invisible.
 T - a +9 demon blade of flaming
Missiles
 P - 1205 stones (quivered)
Armour
 l - a +2 pair of gloves of strength (worn)
 s - a +2 pair of boots of flying (worn)
 A - a +2 helmet of intelligence (worn)
 G - a +5 shield of protection (worn)
 J - a +2 cloak of fire resistance (worn)
 K - the +1 robe of the Gusle {rElec MP+9 Dex+3}
   (You found it on level 5 of the Depths)

   It affects your dexterity (+3).
   It insulates you from electricity.
   It affects your magic capacity (+9).
 U - the +5 ring mail of Unreason (worn) {rC+ rN+}
   (You found it on level 4 of the Lair of Beasts)

   It protects you from cold.
   It protects you from negative energy.
Magical Staves
 e - an uncursed staff of earth (weapon)
 w - an uncursed staff of wizardry
Jewellery
 m - the ring of Shadows (left hand) {Umbra +Inv Stlth+}
   (You bought it in a shop in a bazaar)

   [ring of stealth]

   It lets you turn invisible.
   It makes you more stealthy.
 r - the ring "Icusalemoch" (right hand) {rPois rF+ MR+ Str+2 Dex+7}
   (You acquired it on level 6 of the Lair of Beasts)

   [ring of protection from fire]

   It affects your strength (+2).
   It affects your dexterity (+7).
   It protects you from fire.
   It protects you from poison.
   It affects your resistance to hostile enchantments.
 D - the amulet "Vontuu" (around neck) {Faith rC- Str+4 Int+4}
   (You acquired it on level 6 of the Lair of Beasts)

   [amulet of faith]

   It allows you to gain divine favour quickly.
   It affects your strength (+4).
   It affects your intelligence (+4).
   It makes you vulnerable to cold.
 M - an uncursed ring of resist corrosion
 V - an uncursed ring of fire
Wands
 u - a wand of paralysis (24/24)
 E - a wand of disintegration (19/24)
 H - a wand of digging (17/24)
 O - a wand of iceblast (5/15)
 Q - a wand of confusion (25/48)
 R - a wand of enslavement (24/24)
 W - a wand of clouds (1/9)
Scrolls
 h - 20 scrolls of remove curse
 n - 6 scrolls of teleportation
 v - 3 scrolls of fog
 C - 5 scrolls of vulnerability
 N - 5 scrolls of magic mapping
Potions
 c - 3 potions of resistance
 d - 14 potions of blood
 g - 6 potions of might
 i - a potion of cancellation
 j - 2 potions of agility
 k - 4 potions of mutation
 t - 3 potions of magic
 z - 6 potions of haste
 I - 7 potions of brilliance
 Y - 7 potions of curing
Books
 f - Sif Muna's Almanac of Dark Magic
   (Sif Muna gifted it to you on level 2 of the Elven Halls)

   Spells                             Type                      Level
   a - Corpse Rot                     Necromancy                   2
   b - Bolt of Draining               Conjuration/Necromancy       5
   c - Dispel Undead                  Necromancy                   5
   d - Death Channel                  Necromancy                   6
   e - Haunt                          Necromancy/Summoning         7
 o - Sif Muna's Collected Works on Displaced Summoning
   (Sif Muna gifted it to you on level 2 of the Depths)

   Spells                             Type                      Level
   a - Call Imp                       Summoning                    2
   b - Dispersal                      Translocation                6
   c - Summon Greater Demon           Summoning                    7
 p - Sif Muna's Grimoire of Black Secrets and the Mountains
   (Sif Muna gifted it to you on level 2 of the Orcish Mines)

   Spells                             Type                      Level
   a - Excruciating Wounds            Charms/Necromancy            5
   b - Lee's Rapid Deconstruction     Earth                        5
   c - Iron Shot                      Conjuration/Earth            6
   d - Statue Form                    Transmutation/Earth          6
   e - Lehudib's Crystal Spear        Conjuration/Earth            8
   f - Shatter                        Earth                        9
 x - Sif Muna's Tome of Freezing Unholy Magic
   (Sif Muna gifted it to you on level 1 of the Depths)

   Spells                             Type                      Level
   a - Throw Frost                    Conjuration/Ice              2
   b - Agony                          Necromancy                   5
   c - Cigotuvi's Embrace             Necromancy                   5
   d - Dispel Undead                  Necromancy                   5
   e - Infestation                    Necromancy                   8
 B - a manual of Dodging
 S - Sif Muna's Compendium of Displaced Unholy Rites
   (Sif Muna gifted it to you on level 3 of the Elven Halls)

   Spells                             Type                      Level
   a - Lesser Beckoning               Translocation                3
   b - Teleport Other                 Translocation                3
   c - Control Undead                 Necromancy                   4
   d - Malign Gateway                 Summoning/Translocation      7
   e - Controlled Blink               Translocation                8
   f - Disjunction                    Translocation                8
 X - a book of Summonings

   Spells                             Type                      Level
   a - Recall                         Summoning/Translocation      3
   b - Aura of Abjuration             Summoning                    5
   c - Summon Demon                   Summoning                    5
   d - Summon Forest                  Summoning/Translocation      5
   e - Summon Mana Viper              Hexes/Summoning              5
   f - Shadow Creatures               Summoning                    6
Miscellaneous
 q - a phial of floods (inert)
 y - a lightning rod (4/4)
 F - a lamp of fire (inert)
 L - a fan of gales


   Skills:
 * Level 10.5 Fighting
 - Level 5.3(11.0) Short Blades
 - Level 13.4(13.7) Long Blades
 - Level 5.0 Armour
 - Level 20.2 Dodging
 - Level 8.0 Stealth
 - Level 10.1 Shields
 * Level 14.9 Spellcasting
 - Level 8.5 Conjurations
   Level 3.0 Hexes
 * Level 14.1 Summonings
 * Level 10.6 Necromancy
 - Level 8.7 Translocations
 - Level 12.4 Transmutations
 - Level 22.8 Earth Magic
 - Level 9.9 Invocations
 - Level 5.0 Evocations


You had 3 spell levels left.
You knew the following spells:

 Your Spells              Type           Power        Failure   Level  Hunger
a - Sandblast             Erth           ######       0%          1    None
b - Passwall              Tmut/Erth      ########..   0%          2    None
c - Stone Arrow           Conj/Erth      ######       1%          3    None
d - Petrify               Tmut/Erth      ########     1%          4    None
e - Lee's Rapid Deconstr  Erth           ########..   0%          5    None
f - Swiftness             Chrm/Air       ###.....     9%          2    None
g - Blink                 Tloc           N/A          1%          2    None
h - Iron Shot             Conj/Erth      ########..   1%          6    ##.....
i - Aura of Abjuration    Summ           #######...   1%          5    None
j - Summon Forest         Summ/Tloc      #######...   1%          5    None
k - Animate Dead          Necr           N/A          1%          4    None
l - Summon Demon          Summ           #######...   1%          5    None
m - Passage of Golubria   Tloc           N/A          1%          4    None
n - Lesser Beckoning      Tloc           ######....   1%          3    None


Dungeon Overview and Level Annotations

Branches:
Dungeon (15/15)            Temple (1/1) D:5            Lair (6/6) D:8
 Shoals (4/4) Lair:4        Snake (4/4) Lair:2        Slime (0/5) Lair:6
    Orc (2/2) D:9             Elf (3/3) Orc:2        Vaults (5/5) D:13
  Crypt (2/3) Vaults:3     Depths (5/5) D:15            Zot (1/5) Depths:5

Altars:
Ashenzari
Cheibriados
Dithmenos
Elyvilon
Fedhas
Gozag
Hepliaklqana
Kikubaaqudgha
Makhleb
Nemelex Xobeh
Okawaru
Qazlal
Ru
Sif Muna
Trog
Vehumet
Wu Jian
Xom
Yredelemnul
Zin
The Shining One
Beogh

Shops:
D:6 !?   D:10 *   Orc:1 [   Orc:2 ?}%(   Vaults:3 (   Depths:2 *

Portals:
Hell: Depths:1 Depths:2 Depths:3 Depths:4 Depths:5
Abyss: Depths:4
Pandemonium: Orc:2 Depths:1 Depths:3
Ziggurat: Depths:2

Annotations:
D:2 exclusion: oklob plant
D:9 exclusion: skeleton


Innate Abilities, Weirdness & Mutations

You heal slowly.
You have razor-sharp teeth.
You have supernaturally acute eyesight. (SInv)
You can survive without breathing.
You are agile. (Dex +2)
You are somewhat resistant to further mutation.


Message History

Casting: Blink
Confirm with . or Enter, or press ? or * to list all spells.
You blink.
You block the golden dragon's attack. x2
The golden dragon completely misses you.
The storm dragon breathes lightning at you.
The bolt of lightning misses you.
The bolt of lightning hits the golden dragon.
The golden dragon resists.
The black draconian breathes lightning at you.
The bolt of lightning hits the storm dragon.
The storm dragon completely resists.
The bolt of lightning hits the storm dragon.
The storm dragon completely resists.
The bolt of lightning hits you!
* * * LOW HITPOINT WARNING * * *
The storm dragon breathes lightning at you.
The bolt of lightning hits the storm dragon.
The storm dragon completely resists.
The bolt of lightning misses you.
The bolt of lightning hits the golden dragon.
The golden dragon resists.
The golden dragon bites you!
You die...

▒∙∙∙∙∙∙∙≈∙∙∙∙▒∙▒∙∙∙▒
▒∙∙∙∙∙∙∙▒≈≈≈▒∙∙∙▒
▒∙∙∙∙∙∙∙▒▒D▒y∙d∙▒ ∙∙∙▒∙∙∙
■∙∙∙∙∙∙∙∙≈▒∙∙d▒∙∙∙∙∙▒∙▒∙↑
▒∙∙∙∙∙∙∙∙▒y▒▒#▒▒∙∙∙>∙∙q▒
▒∙π∙∙∙∙∙▒∙∙▒▒d∙∙▒∙▒∙∙∙∙
▒∙∙∙∙∙∙∙∙∙∙D∙∙#∙∙▒∙∙∙▒
▒▒▒■▒▒▒▒∙∙D∙∙∙∙∙▒∙▒∙∙▒▒∙∙
▒▒∙@∙π▒▒▒▒∙π†▒∙∙∙▒∙
▒∙D∙∙∩†∙∙∙∙∙∙∙▒∙∙∙▒
▒#∙▒∙∙▒▒▒▒∙†∙φ∙∙∙▒
▒∙∙∙∙∙∙∙y∙∙∙∙▒∙∙∙∙∙∙▒∙∙
▒▒▒▒∙▒▒▒∙∙▒▒∙∙∙∙∙∙∙▒∙∙∙
▒∙ ▒∙∙∙∙∙∙∙∙∙∙∙∙∙∙∙ ▒■
▒▒▒▒Ξ▒▒▒▒▒∙▒▒▒▒▒ ↑∙ ∙▒ ▒▒


You could see a golden dragon (berserk), 2 storm dragons, a black draconian and
2 moths of wrath.

Vanquished Creatures
  A shard shrike (shapeshifter) (Vaults:5)
  Boris (Crypt:1)
  Bai Suzhen (Vaults:3)
  Saint Roka (Elf:3)
  A caustic shrike (Depths:3)
  A caustic shrike (shapeshifter) (Depths:4)
  Jory (Crypt:1)
  3 golden dragons
  the Enchantress (Depths:4)
  7 liches
  A deep elf blademaster (Elf:3)
  4 quicksilver dragons
  5 tentacled monstrosities
  Asterion (Vaults:1)
  A deep elf master archer (Elf:3)
  Frances (Snake:1)
  4 titans
  A death cob (Depths:5)
  An ancient champion (Crypt:1)
  Kirke (Snake:1)
  5 sphinxes
  9 storm dragons
  12 shadow dragons
  Ilsuiw (Shoals:4)
  9 nagarajas
  3 tengu reavers
  A draconian monk (Zot:1)
  Donald (Crypt:1)
  13 fire giants
  10 deep elf sorcerers
  2 draconian knights
  3 iron dragons
  15 frost giants
  21 vault wardens
  An orc warlord (Vaults:4)
  2 balrugs
  6 deep elf elementalists
  2 curse skulls (Crypt:1)
  4 ghouls (Crypt:1)
  2 reapers
  3 draconian stormcallers (Depths:5)
  2 war gargoyles (Vaults:5)
  3 draconian annihilators (Depths:5)
  The ghost of faustus the Carver, a journeyman DsBe of Trog (Elf:1)
  17 ironheart preservers
  3 spriggan defenders
  An entropy weaver (Vaults:3)
  9 vampire knights
  16 very ugly things
  13 stone giants
  5 deep elf demonologists
  A dire elephant (Lair:6)
  A green draconian (Depths:5)
  Nessos (Lair:4)
  2 black draconians (Depths:5)
  5 purple draconians
  The ghost of WiseOSalty the Infuser, a journeyman GnSk of Okawaru (Orc:2)
  3 yellow draconians
  13 spark wasps
  10 deep elf annihilators
  Snorg (Lair:3)
  2 red draconians (Depths:5)
  8 merfolk javelineers
  8 ettins
  2 white draconians
  A blizzard demon (Depths:5)
  3 eidola (Crypt:1)
  6 deep elf death magi
  5 deep elf high priests
  6 merfolk impalers
  7 great orbs of eyes
  34 vault guards
  13 ice dragons
  15 fire dragons
  16 yaktaur captains
  8 jiangshi
  9 rakshasas
  3 spriggan air magi
  15 naga warriors
  9 hydras
  5 merfolk aquamancers
  8 anacondas
  2 satyrs
  3 alligator snapping turtles
  10 ogre magi
  10 deep troll shamans
  15 centaur warriors
  2 death knights
  4 merfolk avatars
  22 two-headed ogres
  5 orc high priests (Orc:2)
  7 spriggan berserkers
  9 tengu warriors
  4 vampire magi
  28 dancing weapons
  19 deep troll earth magi
  5 spriggans
  10 naga sharpshooters
  25 deep elf knights
  4 soul eaters
  Sonja (Lair:4)
  Nergalle (Lair:2)
  2 shock serpents
  3 sun demons (Depths:5)
  15 hell knights
  A titan skeleton (Crypt:1)
  4 salamander mystics
  A shadow wraith (Vaults:4)
  An iron troll (Depths:3)
  12 sea snakes
  17 skeletal warriors
  8 wizards
  A swamp dragon (shapeshifter) (Depths:4)
  30 deep trolls
  A storm dragon skeleton (Crypt:1)
  A gelid demonspawn (Orc:2)
  A glowing orange brain (shapeshifter) (Depths:4)
  2 torturous demonspawn (Orc:2)
  A quicksilver dragon simulacrum (Depths:5)
  5 glowing orange brains
  An unseen horror (shapeshifter) (Depths:1)
  2 flayed ghosts
  An infernal demonspawn (Orc:2)
  3 naga ritualists
  9 phantasmal warriors
  An anaconda skeleton (Crypt:1)
  19 deep elf archers
  11 ironbrand convokers
  29 harpies
  10 necromancers
  9 mana vipers
  7 wolf spiders
  20 orc knights
  5 cyclopes
  12 manticores
  54 deep elf magi
  11 orc sorcerers
  17 salamanders
  12 ugly things
  A moth of wrath (Zot:1)
  30 fauns
  4 centaur zombies
  An elephant (Lair:6)
  A black mamba (shapeshifter) (Vaults:5)
  17 merfolk sirens
  34 black mambas
  5 water nymphs
  2 ice statues
  7 rust devils
  11 naga magi
  16 vault sentinels
  2 guardian serpents
  14 spiny frogs
  A spiny frog (shapeshifter) (Vaults:3)
  2 orange demons
  7 gargoyles
  11 rime drakes
  An efreet (D:14)
  10 freezing wraiths
  8 komodo dragons
  4 anaconda simulacra (IceCv)
  50 yaktaurs
  9 ice devils
  30 merfolk
  4 red devils
  3 wind drakes
  5 polar bears
  A hellwing (Orc:2)
  2 golden dragon simulacra (IceCv)
  9 tengu conjurers
  A troll (shapeshifter) (D:14)
  A jumping spider (Vaults:3)
  11 trolls
  2 queen bees
  10 hornets
  A tyrant leech (shapeshifter) (Vaults:5)
  10 dream sheep (Shoals:4)
  17 slime creatures
  A blink frog (shapeshifter) (D:15)
  A bog body (Crypt:1)
  An ettin zombie (Crypt:1)
  An alligator zombie (Crypt:1)
  A hippogriff (shapeshifter) (Depths:1)
  14 hippogriffs
  8 snapping turtles
  3 large abominations
  A redback (Vaults:3)
  3 flying skulls (Depths:5)
  4 shadows
  A vampire (D:13)
  3 air elementals
  A dire elephant simulacrum (IceCv)
  A black mamba skeleton (Crypt:2)
  A human (shapeshifter) (Vaults:1)
  23 water elementals
  6 wraiths
  53 yaks
  2 wyverns (Lair:6)
  4 basilisks
  4 hogs (Snake:1)
  A hog (shapeshifter) (D:15)
  A wind drake zombie (Crypt:1)
  4 fire elementals
  19 humans (D:13)
  A fire bat (shapeshifter) (Vaults:3)
  2 hungry ghosts
  12 vampire mosquitoes
  2 wargs (shapeshifter) (Depths:2)
  A chaos spawn (Depths:1)
  4 iron troll simulacra (IceCv)
  4 wargs
  46 nagas
  3 harpy simulacra (IceCv)
  A naga (shapeshifter) (Depths:3)
  3 acid dragons
  14 water moccasins
  2 hell hounds
  4 hydra simulacra (IceCv)
  7 porcupines
  A black bear (D:6)
  A swamp drake (shapeshifter) (D:15)
  A gelid demonspawn skeleton (Crypt:1)
  A hornet zombie (D:6)
  62 orc warriors
  6 ice beasts
  3 sky beasts
  A manticore zombie (Crypt:1)
  5 ettin simulacra
  4 phantoms
  A necrophage (D:10)
  An eye of draining (shapeshifter) (Vaults:1)
  13 ogres
  3 boggarts
  11 centaurs
  11 crocodiles
  4 elf zombies
  A rime drake zombie (Crypt:1)
  Blork the orc (D:6)
  2 big kobolds
  16 bullfrogs
  2 human zombies (Vaults:4)
  A komodo dragon skeleton (Crypt:1)
  3 earth elementals
  2 wyvern skeletons
  A warg zombie (Crypt:1)
  3 scorpions
  An elephant simulacrum (IceCv)
  54 killer bees
  11 wights
  8 electric eels
  5 crimson imps
  6 howler monkeys
  A quasit (D:13)
  2 draconian simulacra (IceCv)
  A bullfrog zombie (D:11)
  2 human simulacra
  3 hounds
  6 jellies
  2 centaur skeletons
  31 orc priests
  A bullfrog skeleton (Crypt:1)
  34 orc wizards
  10 iguanas
  2 spriggan simulacra (IceCv)
  9 worker ants
  3 troll simulacra (IceCv)
  A polar bear simulacrum (IceCv)
  2 centaur simulacra (IceCv)
  A hound zombie (D:5)
  A worker ant zombie (D:6)
  16 gnolls
  A howler monkey skeleton (D:4)
  2 ogre simulacra (IceCv)
  12 adders
  3 naga simulacra (IceCv)
  3 river rats
  A shadow imp (D:13)
  6 white imps (IceCv)
  6 ufetubi (IceCv)
  3 oozes
  An adder skeleton (D:6)
  A halfling skeleton (Crypt:1)
  3 worms (D:2)
  7 dart slugs
  2 leopard geckos
  129 orcs
  4 giant cockroaches
  6 goblins
  17 hobgoblins
  14 jackals
  3 quokkas
  A ball python (shapeshifter) (Elf:2)
  A ball python (D:2)
  7 bats
  7 frilled lizards
  25 kobolds
  A quokka zombie (D:5)
  8 rats
  4 crawling corpses
  A fungus (Lair:3)
2255 creatures vanquished.

Vanquished Creatures (collateral kills)
  A golden dragon (Depths:5)
  A lich (Depths:2)
  A sphinx (Depths:2)
  A storm dragon (Depths:3)
  A nagaraja (Snake:4)
  An iron dragon (Depths:5)
  2 fire giants
  A vault warden (Vaults:1)
  An orc warlord (Vaults:4)
  3 draconian stormcallers
  2 spriggan defenders (Depths:5)
  2 ironheart preservers
  2 stone giants (Depths:4)
  A very ugly thing (Vaults:5)
  A deep elf annihilator (Elf:3)
  2 yellow draconians (Depths:5)
  A white draconian (Depths:5)
  3 ettins
  3 fire dragons
  A deep elf death mage (Elf:3)
  A jiangshi (Crypt:1)
  A merfolk impaler (Depths:1)
  A deep elf high priest (Depths:3)
  A yaktaur captain (Vaults:4)
  3 vault guards
  A spriggan air mage (Depths:2)
  4 two-headed ogres
  A centaur warrior (Depths:2)
  2 deep troll earth magi
  A tengu warrior (Depths:4)
  2 ogre magi (Vaults:1)
  A deep troll shaman (Depths:1)
  A deep elf knight (Elf:3)
  2 skeletal warriors (Depths:5)
  An iron troll (Depths:3)
  4 hell knights (Depths:5)
  9 deep trolls
  A glowing orange brain (Vaults:5)
  A flayed ghost (Depths:4)
  A naga ritualist (Snake:3)
  A harpy (Vaults:1)
  A deep elf archer (Vaults:5)
  An ironbrand convoker (Vaults:4)
  2 orc knights (Vaults:4)
  A deep elf mage (Elf:2)
  3 ugly things (Depths:3)
  5 necromancers
  A black mamba (Snake:3)
  2 rust devils (Depths:5)
  A yaktaur zombie (Vaults:4)
  8 yaktaurs
  A meliai (shapeshifter) (Vaults:3)
  2 red devils (Depths:5)
  A human skeleton (Vaults:4)
  A troll (Vaults:4)
  A spriggan (Depths:5)
  A shadow (Depths:5)
  A wraith (Vaults:1)
  A warg (Vaults:4)
  4 hell hounds (Depths:5)
  4 orc warriors (Vaults:4)
  3 ogres
  2 orc priests (Vaults:4)
  8 orcs
  A crawling corpse (Depths:3)
127 creatures vanquished.

Vanquished Creatures (others)
  A sphinx (Vaults:1)
  A tengu reaver (Depths:3)
  A frost giant (Depths:4)
  An ogre mage (Depths:3)
  A deep troll shaman (Depths:2)
  3 two-headed ogres
  A spriggan berserker (Depths:2)
  A deep elf knight (Elf:3)
  A quicksilver dragon simulacrum (Depths:5)
  A naga ritualist (Snake:4)
  A deep elf mage (Elf:3)
  A salamander (Snake:2)
  A wind drake (Lair:6)
  3 humans (Snake:1)
  A naga (Snake:4)
  An ettin simulacrum (Depths:5)
  58 bushes (Depths:4)
  2 fungi (Lair:3)
  36 plants
  11 snaplasher vines
127 creatures vanquished.

Grand Total: 2509 creatures vanquished

Notes
Turn   | Place    | Note
-------+----------+-------------------------------------------
     0 | D:1      | yesno the Vampire Earth Elementalist began the quest for the Orb.
     0 | D:1      | Reached XP level 1. HP: 13/13 MP: 3/3
   261 | D:1      | Reached XP level 2. HP: 16/19 MP: 3/5
   459 | D:1      | Reached XP level 3. HP: 10/24 MP: 3/6
   778 | D:1      | Learned a level 2 spell: Passwall
   782 | D:1      | Learned a level 3 spell: Stone Arrow
  1325 | D:2      | Reached XP level 4. HP: 25/30 MP: 0/7
  1762 | D:2      | Found a sparkling altar of Nemelex Xobeh.
  1794 | D:2      | Reached skill level 4 in Earth Magic
  1796 | D:2      | Found a blossoming altar of Fedhas.
  1807 | D:2      | Noticed an oklob plant
  2164 | D:2      | Found a faded altar of an unknown god.
  2164 | D:2      | Found a bloodstained altar of Trog.
  2169 | D:2      | Found a shattered altar of Ashenzari.
  2171 | D:2      | Found a burning altar of Makhleb.
  2172 | D:2      | Found a faded altar of an unknown god.
  2406 | D:3      | Reached XP level 5. HP: 34/35 MP: 8/8
  2821 | D:3      | Found a faded altar of an unknown god.
  3164 | D:4      | Found a glowing drain.
  3175 | D:4      | Reached XP level 6. HP: 32/41 MP: 2/10
  3206 | Sewer    | Entered a sewer
  3347 | Sewer    | Reached skill level 5 in Stealth
  3374 | Sewer    | Found a white marble altar of Elyvilon.
  3972 | D:4      | Learned a level 4 spell: Petrify
  4007 | D:4      | Reached skill level 5 in Earth Magic
  4007 | D:4      | Reached XP level 7. HP: 46/46 MP: 2/11
  4025 | D:5      | Entered Level 5 of the Dungeon
  4148 | D:5      | Reached skill level 5 in Transmutations
  4670 | D:5      | Found a staircase to the Ecumenical Temple.
  4676 | Temple   | Entered the Ecumenical Temple
  4706 | Temple   | Became a worshipper of Sif Muna the Loreminder
  4797 | D:6      | Noticed Blork the orc
  4810 | D:6      | Killed Blork the orc
  4810 | D:6      | Reached skill level 6 in Earth Magic
  4830 | D:6      | Reached skill level 1 in Short Blades
  5061 | D:6      | Reached XP level 8. HP: 20/52 MP: 8/12
  5297 | D:6      | Found Roant's Magic Scroll Shop.
  5585 | D:6      | Found a shadowy altar of Dithmenos.
  5588 | D:6      | Found Kotial's Distillery.
  5595 | D:6      | Bought a potion of might for 44 gold pieces
  5595 | D:6      | Bought a potion of haste for 110 gold pieces
  5708 | D:6      | Reached * piety under Sif Muna
  5708 | D:6      | Reached skill level 7 in Earth Magic
  6530 | D:7      | Noticed a hippogriff
  6914 | D:7      | Reached XP level 9. HP: 57/57 MP: 9/13
  7071 | D:7      | Reached ** piety under Sif Muna
  7154 | D:7      | Reached skill level 8 in Earth Magic
  7155 | D:7      | Upgraded the game from 0.21-a0-349-g0c35859 to 0.21-a0-352-g5b8f553
  7155 | D:7      | Upgraded the game from 0.21-a0-352-g5b8f553 to 0.21-a0-358-g8928369
  7860 | D:7      | Learned a level 1 spell: Animate Skeleton
  7864 | D:7      | Learned a level 3 spell: Regeneration
  7887 | D:8      | Found a glowing silver altar of Zin.
  7887 | D:8      | Noticed an angel
  8062 | D:8      | Noticed a queen bee
  8517 | D:7      | Learned a level 5 spell: Lee's Rapid Deconstruction
  8554 | D:7      | Killed a queen bee
  8788 | D:7      | Reached skill level 9 in Earth Magic
  8833 | D:7      | Reached skill level 5 in Short Blades
  8933 | D:8      | Reached *** piety under Sif Muna
  8933 | D:8      | Reached skill level 5 in Spellcasting
  9224 | D:8      | Reached XP level 10. HP: 63/63 MP: 2/18
  9374 | D:8      | Reached skill level 1 in Invocations
  9520 | D:8      | Found a shimmering altar of Xom.
  9564 | D:8      | Found a white marble altar of Elyvilon.
  9564 | D:8      | Found a glowing golden altar of the Shining One.
  9566 | D:8      | Found a snail-covered altar of Cheibriados.
  9650 | D:8      | Noticed a two-headed ogre
 10012 | D:8      | Killed a two-headed ogre
 10012 | D:8      | Reached skill level 10 in Earth Magic
 10048 | D:8      | Found a staircase to the Lair.
 10105 | D:8      | Reached skill level 1 in Fighting
 10329 | D:9      | Found a staircase to the Orcish Mines.
 10350 | D:9      | Reached skill level 5 in Dodging
 10386 | D:9      | Found a shattered altar of Ashenzari.
 10721 | D:9      | Reached skill level 1 in Long Blades
 10738 | D:9      | Reached **** piety under Sif Muna
 11221 | D:10     | Entered Level 10 of the Dungeon
 11724 | D:10     | Reached XP level 11. HP: 54/76 MP: 17/19
 11997 | D:10     | Found Aleo's Assorted Antiques.
 12059 | D:10     | Bought an embroidered cloak for 255 gold pieces
 12092 | D:10     | Reached skill level 5 in Long Blades
 12489 | D:11     | Noticed a six-headed hydra
 12495 | D:11     | Killed a six-headed hydra
 12574 | D:11     | Identified the Handbook of Lightness
 12586 | D:11     | Learned a level 2 spell: Swiftness
 13425 | D:12     | Found a flagged portal.
 13454 | Bailey   | Entered a bailey
 13663 | Bailey   | Noticed an orc knight
 13675 | Bailey   | Reached skill level 1 in Shields
 13703 | Bailey   | Killed an orc knight
 14079 | D:13     | Noticed a centaur warrior
 14108 | D:13     | Killed a centaur warrior
 14108 | D:13     | Reached XP level 12. HP: 83/83 MP: 16/20
 14288 | D:13     | Reached skill level 5 in Shields
 14547 | D:13     | Noticed a vault guard
 14560 | D:13     | Killed a vault guard
 14636 | D:13     | Noticed a vault guard
 14645 | D:13     | Killed a vault guard
 14831 | D:13     | Reached skill level 11 in Earth Magic
 15311 | D:13     | Found a gate to the Vaults.
 15479 | Lair:1   | Entered Level 1 of the Lair of Beasts
 15549 | Lair:1   | Noticed an eight-headed hydra
 15561 | Lair:1   | Killed an eight-headed hydra
 15691 | Lair:1   | Reached ***** piety under Sif Muna
 15691 | Lair:1   | Reached skill level 12 in Earth Magic
 15695 | Lair:1   | Identified Sif Muna's Collected Works on the Blaze and the Frostbite (Sif Muna gifted it to you on level 1 of the Lair of Beasts)
 15695 | Lair:1   | Received a gift from Sif Muna
 15715 | Lair:1   | Reached XP level 13. HP: 84/88 MP: 0/21
 16334 | Lair:1   | Learned a level 2 spell: Blink
 16380 | Lair:2   | Found a staircase to the Snake Pit.
 17158 | Lair:2   | Reached skill level 13 in Earth Magic
 17772 | Lair:3   | Noticed Snorg
 17784 | Lair:3   | Killed Snorg
 17873 | Lair:3   | Identified Sif Muna's Catalogue of Curses and Necromancy (Sif Muna gifted it to you on level 3 of the Lair of Beasts)
 17873 | Lair:3   | Received a gift from Sif Muna
 17932 | Lair:3   | Reached skill level 14 in Earth Magic
 18827 | Lair:4   | Noticed Sonja
 18831 | Lair:4   | Found a staircase to the Shoals.
 18839 | Lair:4   | Killed Sonja
 18895 | Lair:4   | Noticed Nessos
 18908 | Lair:4   | Killed Nessos
 18924 | Lair:4   | Got a smoking ring mail
 18933 | Lair:4   | Found a dark tunnel.
 18940 | Volcano  | Entered a volcano
 19001 | Volcano  | Reached skill level 15 in Earth Magic
 19350 | Lair:4   | Identified the +5 ring mail of Unreason {rC+ rN+} (You found it on level 4 of the Lair of Beasts)
 20087 | Lair:5   | Gained mutation: You tend to lose your temper in combat. [potion of mutation]
 20087 | Lair:5   | Gained mutation: You are partially covered in iridescent scales. (AC +2) [potion of mutation]
 20088 | Lair:5   | Lost mutation: You tend to lose your temper in combat. [potion of mutation]
 20088 | Lair:5   | Lost mutation: You are partially covered in iridescent scales. (AC +2) [potion of mutation]
 20088 | Lair:5   | Gained mutation: You are agile. (Dex +2) [potion of mutation]
 20088 | Lair:5   | Gained mutation: You are somewhat resistant to further mutation. [potion of mutation]
 20117 | Lair:5   | Reached skill level 1 in Armour
 20117 | Lair:5   | Reached XP level 14. HP: 95/95 MP: 6/22
 20399 | Lair:6   | Entered Level 6 of the Lair of Beasts
 21005 | Lair:6   | Reached skill level 5 in Fighting
 21092 | Lair:6   | Got a polished dagger
 21104 | Lair:6   | Identified the cursed +1 dagger "Pendulum" {vamp, rF+ Int-4 SInv} (You found it on level 6 of the Lair of Beasts)
 21233 | Lair:6   | Found a staircase to the Slime Pits.
 21501 | Orc:1    | Entered Level 1 of the Orcish Mines
 21615 | Orc:1    | Found a roughly hewn altar of Beogh.
 22043 | Orc:1    | Found Livil's Armour Shop.
 22182 | Orc:2    | Entered Level 2 of the Orcish Mines
 22303 | Orc:2    | Found a flickering gateway to a bazaar.
 22329 | Orc:2    | Noticed WiseOSalty's ghost (journeyman GnSk)
 22363 | Bazaar   | Entered a bazaar
 22382 | Bazaar   | Found Awunkop's Gadget Shoppe.
 22382 | Bazaar   | Found Cisarch's Jewellery Emporium.
 22403 | Bazaar   | Found Paqotsar's Assorted Antiques.
 22403 | Bazaar   | Found Xidegaem's Food Emporium.
 22424 | Bazaar   | Found Xoly's Gadget Shoppe.
 22424 | Bazaar   | Found Jogoziff's Jewellery Emporium.
 22490 | Bazaar   | Bought the ring of Shadows {Umbra +Inv Stlth+} for 560 gold pieces
 22490 | Bazaar   | Found the ring of Shadows {Umbra +Inv Stlth+}
 22508 | Bazaar   | Bought a pair of glowing boots for 240 gold pieces
 22793 | Orc:2    | Killed WiseOSalty's ghost
 22793 | Orc:2    | Reached skill level 1 in Evocations
 22906 | Orc:2    | Found a roughly hewn altar of Beogh.
 22918 | Orc:2    | Found a staircase to the Elven Halls.
 23133 | Orc:2    | Found Sysmaclu's Magic Scroll Shoppe.
 23258 | Orc:2    | Found Kudox's Food Emporium.
 23327 | Orc:2    | Bought a scroll of enchant weapon for 105 gold pieces
 24070 | Orc:2    | Identified Sif Muna's Grimoire of Black Secrets and the Mountains (Sif Muna gifted it to you on level 2 of the Orcish Mines)
 24070 | Orc:2    | Received a gift from Sif Muna
 24221 | Orc:2    | Paralysed by an orc sorcerer for 7 turns
 24721 | Orc:2    | Found Ycoschown's Gadget Boutique.
 24721 | Orc:2    | Found Fiuforib's Antique Weapon Shop.
 24721 | Orc:2    | Found a one-way gate leading to the halls of Pandemonium.
 24742 | Orc:2    | Bought a lightning rod (4/4) for 600 gold pieces
 24832 | Orc:2    | Bought a scroll of enchant weapon for 105 gold pieces
 25013 | Shoals:1 | Entered Level 1 of the Shoals
 25222 | Shoals:1 | Found a frozen archway.
 25226 | Shoals:1 | Reached skill level 10 in Long Blades
 25226 | Shoals:1 | Reached XP level 15. HP: 106/108 MP: 11/23
 25245 | IceCv    | Entered an ice cave
 26700 | IceCv    | Reached skill level 10 in Dodging
 28206 | Shoals:2 | Reached skill level 10 in Transmutations
 28782 | Shoals:2 | Upgraded the game from 0.21-a0-358-g8928369 to 0.21-a0-361-g4efd3f9
 29930 | Shoals:3 | Identified Sif Muna's Grimoire of Augmentations and Bewitchment (Sif Muna gifted it to you on level 3 of the Shoals)
 29930 | Shoals:3 | Received a gift from Sif Muna
 29930 | Shoals:3 | Reached XP level 16. HP: 115/115 MP: 24/24
 30273 | Shoals:3 | Reached skill level 16 in Earth Magic
 30606 | Shoals:3 | Reached XP level 17. HP: 120/120 MP: 21/25
 30614 | Shoals:3 | Learned a level 6 spell: Iron Shot
 30786 | Shoals:4 | Entered Level 4 of the Shoals
 30794 | Shoals:4 | Reached skill level 1 in Conjurations
 31853 | Shoals:4 | Noticed Ilsuiw
 32226 | Shoals:4 | Received a gift from Sif Muna
 32278 | Shoals:4 | Reached skill level 17 in Earth Magic
 32565 | Shoals:4 | Reached skill level 5 in Conjurations
 33356 | Shoals:4 | Killed Ilsuiw
 33521 | Shoals:4 | Got a barnacled rune of Zot
 33692 | Snake:1  | Entered Level 1 of the Snake Pit
 33716 | Snake:1  | Noticed Kirke
 33994 | Elf:1    | Entered Level 1 of the Elven Halls
 34003 | Elf:1    | Noticed faustus's ghost (journeyman DsBe)
 34131 | Lair:2   | Noticed Nergalle
 34144 | Lair:2   | Killed Nergalle
 34171 | Snake:1  | Killed Kirke
 34777 | Snake:1  | Upgraded the game from 0.21-a0-361-g4efd3f9 to 0.21-a0-369-g397cdb2
 35505 | Snake:2  | Reached XP level 18. HP: 127/127 MP: 1/26
 36333 | D:14     | Received a gift from Sif Muna
 36603 | D:15     | Entered Level 15 of the Dungeon
 37334 | D:15     | Found a staircase to the Depths.
 38337 | Elf:1    | Killed faustus's ghost
 39104 | Elf:1    | Identified Buseolea's Incunabulum of Unholy Arts
 41301 | Snake:4  | Entered Level 4 of the Snake Pit
 42265 | Snake:4  | Reached XP level 19. HP: 115/132 MP: 5/28
 43403 | Snake:4  | Reached skill level 15 in Dodging
 43574 | Snake:4  | Identified Alifumale's Papyrus of Attacks (Sif Muna gifted it to you on level 4 of the Snake Pit)
 43574 | Snake:4  | Received a gift from Sif Muna
 43658 | Snake:4  | Got a serpentine rune of Zot
 44076 | Vaults:1 | Entered Level 1 of the Vaults
 44384 | Vaults:1 | Noticed Asterion
 45105 | D:13     | Learned a level 5 spell: Yara's Violent Unravelling
 45494 | Elf:2    | Reached skill level 1 in Hexes
 45717 | Elf:2    | Reached skill level 1 in Translocations
 46870 | Lair:6   | Reached skill level 5 in Translocations
 47094 | Lair:6   | Identified 2 scrolls of acquirement
 47096 | Lair:6   | Got a smoking bone amulet
 47098 | Lair:6   | Identified the amulet "Vontuu" {Faith rC- Str+4 Int+4} (You acquired it on level 6 of the Lair of Beasts)
 47100 | Lair:6   | Got a scorched jade ring
 47102 | Lair:6   | Identified the ring "Icusalemoch" {rPois rF+ MR+ Str+2 Dex+7} (You acquired it on level 6 of the Lair of Beasts)
 47447 | Elf:2    | Found a runed gate.
 47447 | Elf:2    | Found a runed gate.
 47448 | Elf:2    | Found a runed gate.
 49019 | Elf:2    | Reached skill level 18 in Earth Magic
 49090 | Elf:2    | Identified Sif Muna's Almanac of Dark Magic (Sif Muna gifted it to you on level 2 of the Elven Halls)
 49090 | Elf:2    | Received a gift from Sif Muna
 49571 | Elf:3    | Entered Level 3 of the Elven Halls
 49690 | Elf:3    | Reached XP level 20. HP: 125/139 MP: 32/32
 49880 | Elf:3    | Learned a level 5 spell: Summon Forest
 49945 | Elf:3    | Reached skill level 1 in Summonings
 50362 | Elf:3    | Noticed Saint Roka
 50390 | Elf:3    | Killed Saint Roka
 52183 | Elf:3    | Identified Sif Muna's Compendium of Displaced Unholy Rites (Sif Muna gifted it to you on level 3 of the Elven Halls)
 52183 | Elf:3    | Received a gift from Sif Muna
 52183 | Elf:3    | Reached skill level 5 in Summonings
 52791 | Elf:3    | Learned a level 5 spell: Aura of Abjuration
 53598 | Elf:3    | Got an ancient golden ring
 54110 | Elf:3    | Got a spiked leather armour
 54116 | Elf:3    | Identified the +2 leather armour of Bad Feelings {-Cast Int+4 Dex+3} (You found it on level 3 of the Elven Halls)
 54132 | Elf:3    | Identified the ring of Incredulity {*Tele MR++ Slay-6 SInv} (You took it off a deep elf sorcerer on level 3 of the Elven Halls)
 54438 | Vaults:1 | Killed Asterion
 55273 | Vaults:1 | Reached XP level 21. HP: 145/145 MP: 24/34
 55279 | Vaults:1 | Learned a level 4 spell: Animate Dead
 55299 | Vaults:1 | Identified Sif Muna's Tome of the Entourage (Sif Muna gifted it to you on level 1 of the Vaults)
 55299 | Vaults:1 | Received a gift from Sif Muna
 55478 | Vaults:1 | Reached skill level 1 in Necromancy
 55729 | Vaults:1 | Reached skill level 10 in Spellcasting
 56469 | Vaults:3 | Reached skill level 10 in Summonings
 56631 | Vaults:3 | Identified Sif Muna's Catalogue of Excruciating Evil (Sif Muna gifted it to you on level 3 of the Vaults)
 56631 | Vaults:3 | Received a gift from Sif Muna
 56636 | Vaults:3 | Reached skill level 5 in Necromancy
 57485 | Vaults:3 | Found a staircase to the Crypt.
 57818 | Vaults:3 | Identified Sif Muna's Handbook of the Excruciating Frostbite (Sif Muna gifted it to you on level 3 of the Vaults)
 57818 | Vaults:3 | Received a gift from Sif Muna
 57897 | Vaults:3 | Found Ajul's Antique Weapon Shop.
 58566 | Vaults:3 | Noticed Bai Suzhen
 58575 | Vaults:3 | Killed Bai Suzhen
 59159 | Vaults:4 | Received a gift from Sif Muna
 59163 | Vaults:4 | Identified Sif Muna's Handbook of Transmigration (Sif Muna gifted it to you on level 4 of the Vaults)
 59841 | Vaults:4 | Reached XP level 22. HP: 151/151 MP: 20/38
 60550 | Vaults:5 | Entered Level 5 of the Vaults
 60673 | Crypt:1  | Entered Level 1 of the Crypt
 60691 | Crypt:1  | Learned a level 5 spell: Dispel Undead
 61691 | Crypt:1  | Noticed Donald
 61698 | Crypt:1  | Killed Donald
 62023 | Crypt:1  | Noticed Boris
 62033 | Crypt:1  | Killed Boris
 62033 | Crypt:1  | Reached skill level 19 in Earth Magic
 62130 | Crypt:1  | Identified Sif Muna's Catalogue of Earth and Venom (Sif Muna gifted it to you on level 1 of the Crypt)
 62130 | Crypt:1  | Received a gift from Sif Muna
 62322 | Vaults:3 | Learned a level 4 spell: Control Undead
 63106 | Crypt:1  | Noticed Jory
 63142 | Crypt:1  | Killed Jory
 63629 | Crypt:1  | Reached ****** piety under Sif Muna
 63629 | Crypt:1  | Reached skill level 20 in Earth Magic
 63878 | Vaults:5 | Received a gift from Sif Muna
 63887 | Vaults:5 | Reached skill level 5 in Invocations
 63980 | Vaults:5 | Reached XP level 23. HP: 137/158 MP: 15/39
 64150 | Vaults:5 | Upgraded the game from 0.21-a0-369-g397cdb2 to 0.21-a0-372-gd0ff781
 64701 | Vaults:5 | Noticed a juggernaut
 64708 | Vaults:5 | Noticed a shard shrike
 64708 | Vaults:5 | a juggernaut changed into a shard shrike
 64711 | Vaults:5 | Killed a shard shrike
 64754 | Vaults:5 | Identified Veid's Catalogue of the Compass (Sif Muna gifted it to you on level 5 of the Vaults)
 64754 | Vaults:5 | Received a gift from Sif Muna
 65424 | Vaults:5 | Reached skill level 21 in Earth Magic
 66918 | Vaults:5 | Got a silver rune of Zot
 67430 | D:10     | Bought a potion of brilliance for 136 gold pieces
 67430 | D:10     | Bought a scroll of fear for 119 gold pieces
 67430 | D:10     | Bought a potion of might for 136 gold pieces
 67430 | D:10     | Bought a potion of brilliance for 136 gold pieces
 67430 | D:10     | Bought a potion of curing for 102 gold pieces
 67491 | Orc:2    | Bought a scroll of teleportation for 42 gold pieces
 67491 | Orc:2    | Bought a scroll of fear for 49 gold pieces
 67491 | Orc:2    | Bought a scroll of teleportation for 42 gold pieces
 67491 | Orc:2    | Bought a scroll of summoning for 133 gold pieces
 67523 | Orc:2    | Bought a lamp of fire for 600 gold pieces
 67523 | Orc:2    | Bought a wand of clouds (6/9) for 450 gold pieces
 67646 | D:6      | Bought a scroll of enchant weapon for 97 gold pieces
 67646 | D:6      | Bought a scroll of enchant weapon for 97 gold pieces
 67678 | D:6      | Bought a potion of curing for 33 gold pieces
 67678 | D:6      | Bought a potion of curing for 33 gold pieces
 67678 | D:6      | Bought a potion of curing for 33 gold pieces
 67678 | D:6      | Bought a potion of curing for 33 gold pieces
 67678 | D:6      | Bought a potion of haste for 110 gold pieces
 68649 | Snake:1  | Noticed Frances
 68659 | Snake:1  | Killed Frances
 69118 | Vaults:5 | Got a twisted robe
 69129 | Vaults:5 | Identified the cursed +1 robe of the Stars {rC+ Dex+3} (You took it off an ironheart preserver on level 5 of the Vaults)
 70319 | Depths:1 | Entered Level 1 of the Depths
 70525 | Depths:1 | Identified Sif Muna's Tome of Freezing Unholy Magic (Sif Muna gifted it to you on level 1 of the Depths)
 70525 | Depths:1 | Received a gift from Sif Muna
 71068 | Depths:1 | Found a gateway to Hell.
 71097 | Depths:1 | Reached XP level 24. HP: 171/171 MP: 39/39
 71161 | Depths:1 | Learned a level 4 spell: Passage of Golubria
 72478 | Depths:2 | Found Anubobaono's General Store.
 72517 | Depths:2 | Identified Sif Muna's Collected Works on Displaced Summoning (Sif Muna gifted it to you on level 2 of the Depths)
 72517 | Depths:2 | Received a gift from Sif Muna
 72572 | Depths:2 | Reached skill level 5 in Evocations
 74127 | Depths:2 | Found a shadowy altar of Dithmenos.
 74184 | Depths:2 | Found a gateway to a ziggurat.
 74790 | Depths:3 | Identified Sif Muna's Almanac of Spatial Confrontation (Sif Muna gifted it to you on level 3 of the Depths)
 74790 | Depths:3 | Received a gift from Sif Muna
 74812 | Depths:3 | Reached skill level 22 in Earth Magic
 75232 | Depths:3 | Reached XP level 25. HP: 164/177 MP: 17/39
 75700 | Depths:3 | Identified Sif Muna's Papyrus of Orientation (Sif Muna gifted it to you on level 3 of the Depths)
 75700 | Depths:3 | Received a gift from Sif Muna
 76039 | Depths:3 | Got a jewelled scarf
 76050 | Depths:3 | Identified the scarf "Wuozun" {rN+ Regen+ rCorr Int-3} (You acquired it on level 3 of the Depths)
 76423 | Depths:3 | Got a twisted cloak
 76434 | Depths:3 | Identified the +1 cloak of Tulips {Slay+2 SInv} (You acquired it on level 3 of the Depths)
 76519 | Depths:3 | Got an ichor-stained demon blade {vamp}
 76520 | Depths:3 | Identified the +8 demon blade of Nyefotsumn {vamp, rF+ Str+4 Dex-4 SInv} (You took it off a crimson imp on level 3 of the Depths)
 76959 | Depths:4 | Found a one-way gate to the infinite horrors of the Abyss.
 77098 | Depths:4 | Noticed the Enchantress
 77104 | Depths:4 | Killed the Enchantress
 77489 | Depths:4 | Got faerie dragon scales
 77495 | Depths:4 | Identified the +7 faerie dragon scales {rPois rC- Regen+ rCorr Stlth+} (You took it off the Enchantress on level 4 of the Depths)
 78287 | Depths:4 | Reached skill level 5 in Armour
 78373 | Depths:4 | Noticed a juggernaut
 78373 | Depths:4 | an iron giant changed into a juggernaut
 78378 | Depths:4 | Noticed a shard shrike
 78378 | Depths:4 | a juggernaut changed into a shard shrike
 78382 | Depths:4 | a shard shrike changed into an iron giant
 78404 | Depths:4 | Reached skill level 10 in Shields
 78841 | Depths:5 | Entered Level 5 of the Depths
 78990 | Depths:5 | Learned a level 5 spell: Summon Demon
 78994 | Depths:5 | Learned a level 3 spell: Lesser Beckoning
 79021 | Depths:5 | Identified Zuhesan's Guide on Enchantment (Sif Muna gifted it to you on level 5 of the Depths)
 79021 | Depths:5 | Received a gift from Sif Muna
 79410 | Depths:5 | Found a shimmering altar of Xom.
 79479 | Depths:5 | Upgraded the game from 0.21-a0-372-gd0ff781 to 0.21-a0-380-gd65dc97
 79782 | Depths:5 | Found a gate to the Realm of Zot.
 79938 | Depths:5 | Found an opulent altar of Gozag.
 80223 | Depths:5 | Got a warped robe
 80229 | Depths:5 | Identified the +1 robe of the Gusle {rElec MP+9 Dex+3} (You found it on level 5 of the Depths)
 80267 | Depths:5 | Identified Sif Muna's Tome of Fetching Transmutation (Sif Muna gifted it to you on level 5 of the Depths)
 80267 | Depths:5 | Received a gift from Sif Muna
 80377 | Depths:5 | Reached XP level 26. HP: 127/184 MP: 2/41
 80664 | Depths:5 | Reached skill level 10 in Fighting
 80752 | Depths:5 | Found a bloodstained altar of Trog.
 80901 | Depths:5 | Reached skill level 10 in Necromancy
 81021 | Depths:5 | Found a snail-covered altar of Cheibriados.
 81674 | Zot:1    | Entered Level 1 of the Realm of Zot
 82043 | Zot:1    | HP: 3/186 [black draconian/bolt of lightning (25)]
 82043 | Zot:1    | Mangled by a golden dragon

Vault maps used:
D:1:      dpeg_arrival_windows_large_door
D:2:      tgw_fedhas, lemuel_crystal_altar, chequers_temple_overflow_minitemple
D:3:      first_bread, chequers_ecumenical_altar_island
D:4:      portal_sewer_entry_a
D:5:      minmay_temple_entry_fiery
D:6:      serial_shops, nicolae_shop_window_shopping, nicolae_shop_stone,
          minmay_misc_feat_chi, nicolae_dithmenos_through_a_glass_darkly,
          uniq_blork_the_orc
D:8:      grunt_temple_overflow_order_and_chaos_1,
          gammafunk_temple_overflow_claw, david_lair_shrubbed, david_nohive_1,
          abandoned_shop
D:9:      orc_0_dummy, hangedman_glass_garden, nicolae_ashenzari_panopticon
D:10:     serial_shops, shop_statue
D:12:     enter_bailey_1
D:13:     grunt_vaults_entry_tiered, grunt_decor_cap,
          nicolae_straight_to_the_point
D:14:     serial_bayou_ford_a, kennysheep_diamond
D:15:     grunt_enter_depths_hoard, roderic_lattice_a
Temple:   minmay_temple_bridge_abc
Lair:1:   beast_lair_carwin_large_4
Lair:2:   minmay_snake_entry_spellcaster, infiniplex_staircase_pool_2,
          uniq_nergalle
Lair:3:   uniq_snorg
Lair:4:   elwin_shoals_entry_rocks, nicolae_volcano_entry_hallway,
          serial_bayou_pond_e, guppyfry_lair_drakes, grunt_megastairs_5,
          uniq_nessos, uniq_sonja
Lair:5:   lemuel_fruit_fields
Lair:6:   gammafunk_lair_ancient_temple, minmay_slime_entry_pillars,
          infiniplex_staircase_pool
Shoals:1: portal_ice_cave_entry_dragon
Shoals:4: shoals_end_hangedman, shoals_ilsuiw_alternative
Snake:1:  special_room, spider_trap, uniq_kirke, uniq_frances
Snake:3:  serial_bayou_pond_c, serial_bayou_pond_d, serial_bayou_shore_b
Snake:4:  minmay_snake_end_coiled
Orc:1:    serial_shops, nicolae_shop_waterfront, basic_altar
Orc:2:    pf_orc_diabolical, serial_shops, bzr_entry_lakeside,
          lemuel_statue_altar
Elf:1:    minmay_elf_necromancy
Elf:3:    minmay_elf_hall_furrowed, uniq_saint_roka
Vaults:1: vaults_room_stairs_pillars, vaults_room_grid,
          ontoclasm_vaults_decontamination, nicolae_vaults_gold_heap, v_misc_31,
          nicolae_vaults_triangles, nicolae_vaults_little_squares_5,
          dpeg_vaults_pockets_of_resistance, v_misc_33,
          nicolae_vaults_network_star, v_alt_pattern_2, ontoclasm_vaults_eye,
          vaults_room_stairs_pillars, uniq_asterion
Vaults:2: vaults_mumra_bighexcomb, nicolae_vaults_windows_and_doors_thing,
          hangedman_vaults_variations, nicolae_vaults_arrows, serial_ice_m,
          nicolae_vaults_angled_halls, vaults_dpeg_diagonal,
          ontoclasm_vaults_ring_square, hangedman_vaults_corner,
          nicolae_vaults_three_branches, vaults_dpeg_cross, serial_shops, shop,
          uniq_nikola
Vaults:3: v_misc_29, v_misc_1, v_misc_29, grunt_vaults_trifunnel,
          nicolae_vaults_little_squares_5, vaults_mumra_hex, v_misc_25,
          dummy_crypt_entry, serial_shops, shop, uniq_bai_suzhen
Vaults:4: nicolae_vaults_hallways_thing, ontoclasm_vaults_ring_large,
          vaults_room_pool, v_misc_28, v_pattern_4, dpeg_vaults_monster_row
Crypt:1:  grunt_crypt_arrival_split, uniq_boris, uniq_donald, uniq_jory
Crypt:2:  grunt_megastairs_1
Depths:1: grunt_decor_mini_mirrors, rand_demon_pan_entry_7, serial_column_ruins,
          column_ruins_open_tiny, column_ruins_columns_corner,
          column_ruins_open_small, column_ruins_grid_1,
          column_ruins_columns_corner, column_ruins_grid_3,
          column_ruins_open_tiny, hell_entry, grunt_ministairs_4,
          serial_bayou_lake_a
Depths:2: minmay_the_grid_octo_tiled_squarecenter, enter_ziggurat_a,
          serial_shops, shop_fountains, hell_entry, serial_sigils_hangedman_etch
Depths:3: minmay_crescents, nicolae_two_hexagons, hellmouth_1, pan_entry,
          spider_trap, infiniplex_staircase_pillars_1
Depths:4: minmay_big_diamond_grid, minmay_hedge_maze, pf_hell_entry_tar_spiral,
          abyss_entry, minmay_staircase_statues, uniq_enchantress
Depths:5: grunt_profane_halls, hell_entry
Zot:1:    gammafunk_the_bubble, hangedman_zot_diagonal_lockstep
Bazaar:   bazaar_short_row
Sewer:    sewer_kobolds
Bailey:   bailey_axe_2, bailey
IceCv:    ice_cave_caverns_01
Volcano:  volcano_overflow

Skill      XL: |  1  2  3  4  5  6  7  8  9 10 11 12 13 14 15 16 17 18 19 20 21 22 23 24 25 26 |
---------------+-------------------------------------------------------------------------------+-----
Stealth        | 4 5 8 |  8.0
Dodging        | 3 6 8 9 10 13 15 17 19 20 | 20.2
Earth Magic    | 4 5 6 7 9 10 12 15 16 17 18 20 21 22 | 22.8
Transmutations | 2 3 4 5 7 8 12 | 12.4
Spellcasting   | 3 5 6 8 9 12 14 | 14.9
Short Blades   | 1 3 5 |  5.3
Invocations    | 3 8 9 |  9.9
Fighting       | 3 4 7 9 10 | 10.5
Long Blades    | 3 8 10 11 13 | 13.4
Shields        | 3 8 9 10 | 10.1
Armour         | 1 3 5 |  5.0
Evocations     | 4 5 |  5.0
Conjurations   | 7 8 |  8.5
Hexes          | 3 |  3.0
Translocations | 5 7 8 |  8.7
Summonings     | 9 12 13 14 | 14.1
Necromancy     | 6 7 8 9 10 | 10.6

Action                   |  1- 3 |  4- 6 |  7- 9 | 10-12 | 13-15 | 16-18 | 19-21 | 22-24 | 25-27 || total
-------------------------+-------+-------+-------+-------+-------+-------+-------+-------+-------++-------
Melee: Unarmed           |    39 |       |       |       |     2 |       |       |       |       ||    41
       Bite              |    15 |     9 |    17 |   100 |   208 |   213 |   242 |   242 |   168 ||  1214
       Dagger            |    96 |       |       |       |     9 |       |   324 |   437 |   254 ||  1120
       Short sword       |       |   153 |   218 |   145 |   369 |   353 |    83 |       |       ||  1321
       Long sword        |       |       |       |   109 |   139 |       |    11 |       |       ||   259
       Demon blade       |       |       |       |   481 |   955 |   964 |   766 |   547 |   386 ||  4099
       Staff             |       |       |       |       |       |     1 |     6 |     4 |     8 ||    19
Throw: Stone             |       |       |       |       |       |       |     1 |       |       ||     1
 Cast: Sandblast         |    21 |    11 |    29 |    43 |    73 |   198 |    56 |    17 |       ||   448
       Stone Arrow       |     3 |    44 |    22 |    12 |    42 |     5 |     1 |       |       ||   129
       Passwall          |     1 |     3 |     3 |     1 |     2 |    17 |       |     6 |     7 ||    40
       Petrify           |       |       |    61 |   131 |   258 |   207 |   206 |   228 |   130 ||  1221
       Lee's Rapid Decon |       |       |     6 |    50 |   110 |    50 |   139 |   189 |    51 ||   595
       Swiftness         |       |       |       |     1 |     1 |       |     3 |     1 |     1 ||     7
       Iron Shot         |       |       |       |       |       |    57 |   165 |   132 |    88 ||   442
       Blink             |       |       |       |       |       |     1 |    24 |    17 |    16 ||    58
       Yara's Violent Un |       |       |       |       |       |       |     3 |       |       ||     3
       Summon Forest     |       |       |       |       |       |       |    16 |    21 |    20 ||    57
       Animate Dead      |       |       |       |       |       |       |     4 |     7 |    13 ||    24
       Aura of Abjuratio |       |       |       |       |       |       |     1 |       |       ||     1
       Dispel Undead     |       |       |       |       |       |       |       |     3 |       ||     3
       Control Undead    |       |       |       |       |       |       |       |     5 |       ||     5
       Passage of Golubr |       |       |       |       |       |       |       |     3 |       ||     3
       Summon Demon      |       |       |       |       |       |       |       |       |    15 ||    15
       Lesser Beckoning  |       |       |       |       |       |       |       |       |     1 ||     1
Invok: Divine Energy     |       |       |     1 |       |       |       |       |       |       ||     1
       Channel Magic     |       |       |       |     4 |     8 |    10 |    19 |    28 |    13 ||    82
 Abil: End Transformatio |       |       |     5 |     2 |     5 |     1 |     1 |       |       ||    14
       Bat Form          |       |       |     5 |     2 |     5 |     1 |     1 |       |       ||    14
       Evoke Invisibilit |       |       |       |       |     3 |     5 |     4 |     4 |     2 ||    18
       Stop Flying       |       |       |       |       |     1 |       |       |       |     1 ||     2
       Evoke Flight      |       |       |       |       |     1 |       |       |       |     1 ||     2
Evoke: Wand              |       |       |       |       |     4 |     5 |    18 |     7 |     4 ||    38
       Phial of floods   |       |       |       |       |       |     1 |     5 |     4 |     3 ||    13
       Lightning rod     |       |       |       |       |       |       |    15 |     1 |     4 ||    20
       Fan of gales      |       |       |       |       |       |       |     3 |     1 |     1 ||     5
       Sack of spiders   |       |       |       |       |       |       |     6 |       |       ||     6
       Lamp of fire      |       |       |       |       |       |       |       |     1 |     2 ||     3
  Use: Potion            |     1 |     5 |    27 |    12 |    42 |    40 |    54 |    17 |    16 ||   214
       Scroll            |       |     6 |    11 |     7 |    26 |    17 |    19 |    25 |    13 ||   124
 Stab: Sleeping          |     6 |    15 |     6 |    13 |     7 |    34 |    18 |    22 |     8 ||   129
       Petrified         |       |       |    55 |   168 |   344 |   195 |   154 |   164 |   100 ||  1180
       Petrifying        |       |       |     6 |    17 |    63 |    49 |   101 |    73 |    59 ||   368
       Distracted        |       |       |       |     1 |     2 |     4 |     3 |     6 |     5 ||    21
       Invisible         |       |       |       |       |    11 |     6 |    13 |     5 |     5 ||    40
       Confused          |       |       |       |       |       |       |     2 |       |       ||     2
Armor: Robe              |    34 |    20 |    52 |   146 |    29 |       |       |       |       ||   281
       Ring mail         |       |       |       |       |   336 |   296 |   209 |   212 |    98 ||  1151
Dodge: Dodged            |   122 |   105 |   213 |   480 |   605 |   683 |   641 |  1029 |   526 ||  4404
Block: Shield            |       |       |       |    47 |   658 |   673 |   603 |   923 |   493 ||  3397
       Rpst.: Long sword |       |       |       |    33 |    15 |       |       |       |       ||    48
       Demon blade       |       |       |       |    97 |   106 |    86 |    73 |    48 |    36 ||   446

Table legend:
 A = Spawn XP
 B = Non-spawn XP
 C = Spawn XP percentage of total XP
 D = Spawn monster count
 E = Non-spawn monster count
 F = Spawn count percentage of total count
 G = Total turns spent on level
                    A         B        C        D         E        F      G
               +---------+---------+-------+---------+---------+-------+---------
         Total |       0 | 1311055 |   0.0 |       0 |    2385 |   0.0 | 82043
               +---------+---------+-------+---------+---------+-------+---------
           D:1 |       0 |      75 |   0.0 |       0 |      30 |   0.0 |  1108
           D:2 |       0 |     102 |   0.0 |       0 |      25 |   0.0 |  1250
           D:3 |       0 |      95 |   0.0 |       0 |      24 |   0.0 |   580
           D:4 |       0 |     438 |   0.0 |       0 |      18 |   0.0 |   972
           D:5 |       0 |     317 |   0.0 |       0 |       9 |   0.0 |   602
           D:6 |       0 |     933 |   0.0 |       0 |      17 |   0.0 |  1455
           D:7 |       0 |    1896 |   0.0 |       0 |      30 |   0.0 |  2718
           D:8 |       0 |    3965 |   0.0 |       0 |      62 |   0.0 |  2115
           D:9 |       0 |    1590 |   0.0 |       0 |      27 |   0.0 |  1245
          D:10 |       0 |    4918 |   0.0 |       0 |      54 |   0.0 |  1516
          D:11 |       0 |    4130 |   0.0 |       0 |      20 |   0.0 |   793
          D:12 |       0 |    1536 |   0.0 |       0 |      23 |   0.0 |   707
          D:13 |       0 |   13580 |   0.0 |       0 |      58 |   0.0 |  2578
          D:14 |       0 |    9254 |   0.0 |       0 |      29 |   0.0 |   872
          D:15 |       0 |   14010 |   0.0 |       0 |      45 |   0.0 |  1079
        Lair:1 |       0 |    6135 |   0.0 |       0 |      28 |   0.0 |  1403
        Lair:2 |       0 |    7886 |   0.0 |       0 |      34 |   0.0 |  1168
        Lair:3 |       0 |    7872 |   0.0 |       0 |      19 |   0.0 |  1084
        Lair:4 |       0 |    5817 |   0.0 |       0 |      18 |   0.0 |  1426
        Lair:5 |       0 |    3244 |   0.0 |       0 |       9 |   0.0 |   727
        Lair:6 |       0 |   14631 |   0.0 |       0 |      44 |   0.0 |  1362
      Shoals:1 |       0 |   11548 |   0.0 |       0 |      22 |   0.0 |  1075
      Shoals:2 |       0 |   18802 |   0.0 |       0 |      40 |   0.0 |  1687
      Shoals:3 |       0 |   20380 |   0.0 |       0 |      42 |   0.0 |  1319
      Shoals:4 |       0 |   47358 |   0.0 |       0 |      82 |   0.0 |  2774
       Snake:1 |       0 |   24105 |   0.0 |       0 |      40 |   0.0 |  1440
       Snake:2 |       0 |   21075 |   0.0 |       0 |      31 |   0.0 |  1653
       Snake:3 |       0 |    8196 |   0.0 |       0 |      17 |   0.0 |   510
       Snake:4 |       0 |   51288 |   0.0 |       0 |      92 |   0.0 |  2506
         Orc:1 |       0 |    3696 |   0.0 |       0 |      54 |   0.0 |   800
         Orc:2 |       0 |   19308 |   0.0 |       0 |      77 |   0.0 |  2728
         Elf:1 |       0 |   16924 |   0.0 |       0 |      26 |   0.0 |  1949
         Elf:2 |       0 |   47349 |   0.0 |       0 |      70 |   0.0 |  3577
         Elf:3 |       0 |   79002 |   0.0 |       0 |      91 |   0.0 |  3997
      Vaults:1 |       0 |   75691 |   0.0 |       0 |     111 |   0.0 |  2980
      Vaults:2 |       0 |    4320 |   0.0 |       0 |      12 |   0.0 |   297
      Vaults:3 |       0 |   64712 |   0.0 |       0 |      87 |   0.0 |  2938
      Vaults:4 |       0 |   36990 |   0.0 |       0 |      77 |   0.0 |  2259
      Vaults:5 |       0 |  176269 |   0.0 |       0 |     176 |   0.0 |  3338
       Crypt:1 |       0 |   65578 |   0.0 |       0 |      72 |   0.0 |  2539
       Crypt:2 |       0 |     204 |   0.0 |       0 |       1 |   0.0 |    11
      Depths:1 |       0 |   41680 |   0.0 |       0 |      66 |   0.0 |  2200
      Depths:2 |       0 |   75534 |   0.0 |       0 |      78 |   0.0 |  2190
      Depths:3 |       0 |  108355 |   0.0 |       0 |      96 |   0.0 |  2198
      Depths:4 |       0 |   63010 |   0.0 |       0 |      62 |   0.0 |  1934
      Depths:5 |       0 |  100995 |   0.0 |       0 |     124 |   0.0 |  3059
         Zot:1 |       0 |   15734 |   0.0 |       0 |      10 |   0.0 |   143
         Sewer |       0 |     138 |   0.0 |       0 |      11 |   0.0 |   215
        Bailey |       0 |     783 |   0.0 |       0 |      34 |   0.0 |   504
         IceCv |       0 |    8549 |   0.0 |       0 |      58 |   0.0 |  2019
       Volcano |       0 |    1058 |   0.0 |       0 |       3 |   0.0 |   150
               +---------+---------+-------+---------+---------+-------+---------
